bro wasnt even trying to hide the map hacks

Match 28725811
End
Kradschützen Motorcycle Team
Selects Italian Combined Arms Battlegroup
Selects Bersaglieri Squad
Bersaglieri Squad
Bersaglieri Squad
Construct Light Support Kompanie
MG34 Team
Assault Grenadier Squad
Fire Support Elements
Panzerjäger Mechanized Group
Pak 38 Anti-tank Gun Team
le.IG 18 Support Gun Team
2.5-tonne Medical Truck
Selects Semovente da 75/18 Assault Gun
Pak 38 Mechanized Group
Selects Carro Armato M13/40 Light Tank
Carro Armato M13/40 Light Tank
Construct Panzerarmee Kommand
Combat Half-tracks
Selects Pact of Steel
Selects Bersaglieri Bolster
Selects Breda Model 30 Light Machine Guns
Carro Armato M13/40 Light Tank
Elite_1650
【糕团学院】-困困
0
0

Comments sign in to comment!

∞ rad 7 months ago

50% chance to maphack if the guy were from China. 90% chance to maphack if the ID were in Chinese. Applies to all RTS games bros.

‡ WoodenHedgehog ‡ 7 months ago

You were good despite of opponents cheating.